 Dungeon Sprint DCSS version 0.16-a0-3803-gd4b2de5 (webtiles) character file.

520 PolkaDot the Grappler (level 7, 0/69 HPs)
             Began as a Mottled Draconian Berserker on Jan 26, 2015.
             Was a Believer of Trog.
             Slain by Sonja
             ... wielding a +0 dagger of distortion
              (3 damage)
             ... in the Dungeon (Sprint I: "Red Sonja").
             The game lasted 00:02:21 (724 turns).

PolkaDot the Grappler (Mottled Draconian Berserker)  Turns: 724, Time: 00:02:21

Health: 0/69       AC:  6    Str: 19    XL:     7   Next: 1%
Magic:  7/7        EV: 23    Int:  7    God:    Trog [**....]
Gold:   297        SH:  0    Dex: 18    Spells: 0 memorised, 6 levels left

rFire  . . .     SeeInvis .       - Unarmed
rCold  . . .     Clarity  .     (armour unavailable)
rNeg   . . .     SustAb   .     (no shield)
rPois  .         Gourm    .     (helmet restricted)
rElec  .         Spirit   .     (no cloak)
rCorr  .         Warding  .     (no gloves)
rMut   .         NoTele   +     (no boots)
MR     ++...                    (no amulet)
Stlth  +++.......               (no ring)
                                (no ring)

@: agile, short of breath, regenerating, slowed, very slow, very resistant to
hostile enchantments, fairly stealthy
A: breathe sticky flames, unfitting armour, regeneration 1, cold-blooded, AC +6
a: Breathe Sticky Flame, Burn Spellbooks, Berserk, Trog's Hand, Renounce
Religion


You were in the Dungeon.
You worshipped Trog.
Trog was pleased with you.
You were hungry.

You visited 1 branch You collected 297 gold pieces.

Inventory:

Scrolls
 h - a scroll of blinking
Potions
 d - a potion of heal wounds
 e - a potion of haste
 f - 2 potions of magic
 g - a potion of berserk rage
Comestibles
 a - a bread ration
 i - 3 chunks of flesh


   Skills:
 + Level 8.9 Fighting
 + Level 7.4 Dodging
 * Level 11.0 Unarmed Combat


You had 6 spell levels left.
You didn't know any spells.

Dungeon Overview and Level Annotations

Branches:
Dungeon (1/1)

Altars:
Cheibriados
Dithmenos
Elyvilon
Fedhas
Gozag
Kikubaaqudgha
Makhleb
Nemelex Xobeh
Okawaru
Qazlal
Ru
Sif Muna
Trog
Vehumet
Xom
Yredelemnul
Zin
The Shining One
Jiyva

Shops:
D %

Annotations:
D Sonja


Innate Abilities, Weirdness & Mutations

You can spit globs of burning liquid.
You can ignite nearby creatures when you spit burning liquid.
Your weird mottled scales are hard (AC +6).
Your body does not fit into most forms of armour.
Your cold-blooded metabolism reacts poorly to cold.
Your natural rate of healing is unusually fast.


Message History

Adjust which ability?
No such ability.
Use which ability? (? or * to list)
Your skin crawls.
You feel resistant to hostile enchantments.
You are feeling hungry.
Sonja completely misses you.
Sonja hits you with an uncursed dagger of distortion.
* * * LOW HITPOINT WARNING * * *
Space bends around you.
* * * LOW HITPOINT WARNING * * *
Sonja hits you with an uncursed dagger of distortion.
* * * LOW HITPOINT WARNING * * *
Space warps horribly around you!
* * * LOW HITPOINT WARNING * * *
Sonja barely misses you. Sonja hits you but does no damage.
Space bends around you.
* * * LOW HITPOINT WARNING * * *
Sonja hits you with an uncursed dagger of distortion.
You die...

###################
#<.#..').#.)'..#__#
#..'..#..'..#..'..+
#..#####'#####'#__#
#..####..#(..#[####
#..#__####.@##[#
#..#_..__##K#..+
#⌠⌠#_.∩...'(.._#
####_..._##_.#'#
#_____###(#.#
####### #.### +$.$+
#$.(# ##.##


You could see Sonja.

Vanquished Creatures
  A slime creature (D)
  A yak (D)
  An ogre (D)
  Sigmund (D)
  A jelly (D)
  Ijyb (D)
6 creatures vanquished.

Vanquished Creatures (others)
  A gargoyle (D)
1 creature vanquished.

Grand Total: 7 creatures vanquished

Notes
Turn   | Place    | Note
--------------------------------------------------------------
     0 | D        | PolkaDot, the Draconian Berserker, began the quest for the Orb.
     0 | D        | Reached XP level 1. HP: 19/19 MP: 1/1
     2 | D        | Noticed Ijyb
     8 | D        | Killed Ijyb
     8 | D        | Reached skill level 4 in Fighting
     8 | D        | Reached XP level 2. HP: 28/28 MP: 2/2
    12 | D        | Noticed an ogre
    17 | D        | Killed an ogre
    17 | D        | Reached skill level 5 in Fighting
    17 | D        | Reached skill level 6 in Unarmed Combat
    17 | D        | Reached XP level 3. HP: 24/37 MP: 3/3
    17 | D        | Reached XP level 4. HP: 28/44 MP: 4/4
   115 | D        | Noticed Sigmund
   128 | D        | Killed Sigmund
   128 | D        | Acquired Trog's second power
   128 | D        | Reached skill level 5 in Dodging
   128 | D        | Reached skill level 8 in Unarmed Combat
   128 | D        | Reached XP level 5. HP: 31/51 MP: 5/5
   181 | D        | Killed a gargoyle
   253 | D        | Found a deep blue altar of Sif Muna.
   254 | D        | Noticed a jelly
   255 | D        | Found a radiant altar of Vehumet.
   258 | D        | Killed a jelly
   272 | D        | Found a snail-covered altar of Cheibriados.
   272 | D        | Found a viscous altar of Jiyva.
   272 | D        | Found a shadowy altar of Dithmenos.
   272 | D        | Found a blossoming altar of Fedhas.
   272 | D        | Noticed a slime creature
   280 | D        | Killed a slime creature
   280 | D        | Reached skill level 10 in Unarmed Combat
   280 | D        | Reached XP level 6. HP: 21/61 MP: 6/6
   530 | D        | Found Syixzez's Food Emporium.
   530 | D        | Found a white marble altar of Elyvilon.
   530 | D        | Found a burning altar of Makhleb.
   530 | D        | Found a sacrificial altar of Ru.
   530 | D        | Found a glowing golden altar of the Shining One.
   530 | D        | Found an opulent altar of Gozag.
   530 | D        | Found a glowing silver altar of Zin.
   530 | D        | Noticed a yak
   537 | D        | Killed a yak
   537 | D        | Reached skill level 11 in Unarmed Combat
   537 | D        | Your scales start taking on a weird mottled pattern.
   537 | D        | Reached XP level 7. HP: 35/69 MP: 7/7
   538 | D        | Found a stormy altar of Qazlal.
   538 | D        | Found a basalt altar of Yredelemnul.
   538 | D        | Found an iron altar of Okawaru.
   538 | D        | Found a sparkling altar of Nemelex Xobeh.
   538 | D        | Found a shimmering altar of Xom.
   538 | D        | Found an ancient bone altar of Kikubaaqudgha.
   697 | D        | Found a bloodstained altar of Trog.
   712 | D        | Noticed Sonja
   723 | D        | Gained mutation: Your natural rate of healing is unusually fast. [potion of beneficial mutation]
   724 | D        | HP: 3/69 [Sonja/uncursed dagger of distortion (4)]
   724 | D        | Slain by Sonja

Action                   |  1- 3 |  4- 6 |  7- 9 || total
-------------------------+-------+-------+-------++-------
Melee: Unarmed           |     9 |    26 |       ||    35
Invok: Berserk           |     1 |     1 |       ||     2
       Trog's Hand       |       |       |     1 ||     1
  Use: Potion            |       |       |     3 ||     3
  Eat: Chunk             |       |       |     1 ||     1
